Map: Pillars of Gold LE

Players

INnoVation - Winner!

  • Race: Terran Terran
  • League: Grandmaster
  • Spawn Location: 1:00

TYTY (TY)

  • Race: Terran Terran
  • League: Grandmaster
  • Spawn Location: 7:00

VOD

Have the link to the VOD?

Description

Time

  • Played on: Jan. 16, 2021, 9:05 a.m.
  • Length: 14:00
Show
View Real Time Build Order
Export as new Build Order

INnoVation Terran - Winner!

Build Orders:  

Get SALT Encoding   

  12  0:00  SCV  
  13  0:12  SCV  
  14  0:17  Supply Depot  
  14  0:24  SCV  
  15  0:39  SCV  
  15  0:40  Barracks  
  16  0:44  Refinery  
  16  0:51  SCV  
  16  0:55  Refinery  
  17  1:03  SCV  
  18  1:15  SCV  
  19  1:26  Reaper  
  19  1:27  Orbital Command  
  19  1:30  Supply Depot  
  20  1:42  Factory  
  20  1:53  SCV  
  21  1:58  Reaper  
  22  2:05  SCV  
  23  2:17  Command Center  
  23  2:20  SCV  
  24  2:27  Hellion  
  26  2:30  Barracks Reactor  
  26  2:33  SCV  
  27  2:39  Supply Depot  
  27  2:45  SCV  
  27  2:49  Factory Tech Lab  
  28  2:54  Starport  
  28  2:57  SCV  
  29  3:09  SCV, Marine x2  
  32  3:13  Siege Tank  
  35  3:20  Refinery  
  35  3:21  SCV  
  36  3:29  Orbital Command  
  36  3:33  Medivac  
  38  3:36  Marine  
  38  3:40  SCV, Marine  
  41  3:48  Cyclone  
  44  3:53  SCV  
  44  3:55  SCV  
  46  3:59  Marine x2  
  46  4:02  Supply Depot  
  48  4:03  Starport Tech Lab  
  48  4:07  SCV  
  48  4:09  SCV  
  50  4:17  Marine x2  
  50  4:21  Raven  
  56  4:24  SCV x2  
  56  4:27  Supply Depot  
  54  4:34  Siege Tank  
  54  4:37  Marine x2  
  59  4:39  SCV x2  
  61  4:51  SCV x2  
  63  4:57  Supply Depot, Marine x2  
  62  5:03  SCV x2  
  62  5:04  Raven  
  59  5:10  Siege Tank  
  61  5:15  SCV x2  
  61  5:18  Marine x2  
  65  5:23  Supply Depot  
  65  5:27  SCV  
  65  5:28  SCV  
  67  5:36  Marine x2  
  67  5:42  SCV x2  
  71  5:47  Siege Tank  
  74  5:53  Starport Reactor  
  74  5:54  SCV x2  
  75  6:01  Command Center  
  75  6:06  Barracks, Stimpack  
  75  6:08  SCV  
  75  6:09  SCV  
  75  6:10  Barracks  
  77  6:11  Marine  
  78  6:18  Supply Depot  
  78  6:19  Siege Tank  
  78  6:23  SCV x2  
  83  6:29  Engineering Bay x2  
  83  6:38  Marine  
  83  6:41  SCV x2  
  85  6:53  SCV x2  
  85  6:54  Starport Reactor, Siege Tank  
  90  6:56  Marine  
  90  6:57  Refinery  
  91  7:05  SCV  
  91  7:08  Marine x2  
  94  7:12  Marine x2  
  94  7:13  Marine  
  97  7:17  SCV  
  95  7:25  Orbital Command, Marine  
  95  7:26  Marine  
  92  7:30  Marine x2  
  92  7:31  Marine  
  92  7:43  Marine x2  
  90  7:44  Medivac x2  
  90  7:47  Marine x2  
  84  8:01  Combat Shield  
  80  8:15  Orbital Command  
  77  8:25  Supply Depot x3  
  71  8:46  Siege Tank, SCV, Marine x3  
  71  8:47  Medivac x2, Marine x2  
  71  8:48  Engineering Bay  
  84  8:49  Engineering Bay  
  81  9:04  Marine x2  
  81  9:05  Marine x3  
  84  9:13  Command Center  
  84  9:20  Viking x2  
  84  9:22  Marine x2  
  86  9:28  Terran Infantry Weapons Level 1  
  86  9:29  Supply Depot x2  
  86  9:31  Terran Infantry Armor Level 1  
  86  9:44  Refinery  
  86  9:50  SCV x2, Marine x5  
  93  9:55  Supply Depot  
  93  9:57  Barracks, Siege Tank  
  93  9:59  Barracks  
  96  10:09  Marine x5  
  101  10:17  Viking  
  101  10:19  Supply Depot  
  101  10:21  Supply Depot  
  103  10:27  Orbital Command  
  103  10:29  SCV x2  
  105  10:38  Siege Tank  
  108  10:46  Barracks Reactor x2  
  108  10:49  Marine  
  107  10:50  Marine x4  
  107  10:53  Orbital Command  
  112  10:59  SCV  
  112  11:00  SCV  
  107  11:07  Marine x2  
  107  11:10  Siege Tank  
  112  11:15  SCV x2  
  111  11:29  Medivac x2  
  111  11:30  Marine x4  
  111  11:31  Marine x3  
  121  11:37  Armory  
  121  11:40  Marine  
  121  11:45  Siege Tank  
  124  11:47  Marine  
  124  11:48  Marine x5  
  124  11:53  Refinery x2, SCV x2  
  128  12:02  Medivac  
  128  12:03  Medivac  
  128  12:07  Marine x8  
  128  12:08  Marine  
  141  12:17  Sensor Tower  
  141  12:21  Supply Depot  
  141  12:23  Supply Depot  
  141  12:27  SCV  
  141  12:28  SCV x2  
  140  12:35  Siege Tank  
  137  12:38  Marine x5  
  137  12:39  SCV  
  137  12:40  SCV x2  
  137  12:49  Marine  
  138  12:56  SCV x3  
  141  12:58  Refinery  
  141  13:05  Marine  
  141  13:06  Marine x5  
  147  13:18  Siege Tank, Marine x3  
  151  13:23  Marine x3  
  153  13:27  Supply Depot  
  153  13:28  Supply Depot  
  153  13:31  Marine x3  
  154  13:36  Marine x2  
Show
View Real Time Build Order
Export as new Build Order

TYTY Terran 

Build Orders: Liberator Opening 

Get SALT Encoding   

  12  0:00  SCV  
  13  0:12  SCV  
  14  0:17  Supply Depot  
  14  0:24  SCV  
  15  0:39  SCV  
  15  0:40  Barracks  
  16  0:45  Refinery  
  16  0:51  SCV  
  16  0:54  Refinery  
  17  1:03  SCV  
  18  1:15  SCV  
  19  1:27  Reaper  
  19  1:28  Orbital Command  
  19  1:32  Supply Depot  
  20  1:45  Factory  
  20  1:54  SCV  
  21  1:59  Reaper  
  22  2:06  SCV  
  23  2:18  SCV  
  24  2:27  Command Center  
  24  2:32  Hellion  
  24  2:33  Barracks Reactor  
  26  2:38  SCV  
  27  2:45  Starport  
  27  2:50  SCV  
  28  2:54  Supply Depot  
  28  2:58  Widow Mine  
  30  3:02  SCV  
  31  3:16  Marine x2  
  31  3:19  SCV  
  34  3:23  Liberator, Factory Tech Lab  
  37  3:31  SCV  
  37  3:34  Marine  
  38  3:39  Orbital Command, Marine  
  40  3:45  Siege Tank  
  40  3:46  SCV  
  44  3:51  Marine  
  45  3:56  Marine  
  45  3:59  Supply Depot  
  45  4:01  SCV  
  47  4:05  SCV  
  47  4:06  Viking  
  50  4:11  Marine  
  50  4:13  SCV  
  50  4:14  Refinery, Marine  
  53  4:20  SCV  
  54  4:25  SCV  
  54  4:27  Siege Tank  
  58  4:33  SCV  
  58  4:37  SCV  
  61  4:45  SCV  
  62  4:48  Starport Tech Lab  
  62  4:49  Barracks  
  62  4:50  SCV  
  62  4:51  Supply Depot  
  61  4:57  SCV  
  62  5:09  Stimpack  
  62  5:10  SCV x2, Marine  
  61  5:17  Command Center  
  61  5:19  Engineering Bay  
  61  5:21  Starport Reactor  
  61  5:22  SCV x2  
  61  5:26  Refinery, Siege Tank  
  61  5:28  Marine  
  67  5:34  SCV x2  
  67  5:35  Engineering Bay  
  69  5:37  Supply Depot  
  69  5:46  Terran Infantry Weapons Level 1, SCV  
  70  5:50  Supply Depot  
  70  5:58  Marine x3  
  70  6:00  Medivac x2  
  70  6:02  SCV  
  78  6:09  Supply Depot x2  
  78  6:11  Terran Infantry Armor Level 1  
  78  6:16  SCV, Marine x3  
  78  6:17  Barracks  
  78  6:18  SCV  
  86  6:28  SCV  
  84  6:44  Marine  
  84  6:45  Marine x2  
  85  6:47  Siege Tank  
  85  6:48  Liberator  
  85  6:50  Orbital Command  
  84  6:56  Viking  
  82  7:02  Marine x2  
  82  7:08  Marine  
  83  7:17  Marine  
  83  7:19  Siege Tank  
  83  7:20  Marine x2  
  79  7:25  Marine  
  69  7:35  SCV x2, Marine  
  56  7:38  Marine  
  56  7:43  Marine  
  42  7:51  Orbital Command  
  42  7:53  Marine  
  42  7:55  Marine  
  29  8:01  Marine  
  29  8:04  SCV  
  26  8:10  SCV  
  27  8:16  SCV  
  27  8:22  SCV  
  28  8:29  SCV  
  28  8:30  SCV  
  30  8:39  SCV  
  30  8:41  SCV  
  31  8:52  Barracks Reactor, Marine x2  
  31  8:54  SCV  
  31  8:55  SCV x2  
  36  9:06  SCV  
  36  9:07  SCV x2  
  37  9:10  Marine x2  
  39  9:19  SCV x2  
  39  9:20  SCV  
  40  9:28  Marine  
  40  9:29  Marine x2  
  40  9:31  SCV x2  
  44  9:33  Combat Shield  
  44  9:34  SCV  
  46  9:41  Marine x2  
  46  9:43  SCV x2  
  50  9:46  Refinery, Marine x2  
  50  9:49  Starport Reactor  
  50  9:50  SCV  
  50  9:51  Marine  
  54  9:55  SCV  
  54  9:59  Marine x2  
  57  10:00  SCV  
  57  10:02  Refinery  
  57  10:04  Marine x2  
  60  10:09  Marine  
  59  10:14  SCV x2  
  59  10:15  SCV  
  59  10:17  Marine x2  
  64  10:22  Marine x2  
  64  10:25  Medivac  
  64  10:26  Medivac, Orbital Command  
  68  10:28  Marine  
  68  10:30  SCV  
  68  10:32  SCV  
  71  10:39  Marine x3  
  71  10:42  SCV  
  75  10:50  Marine x2  
  75  10:52  SCV  
  75  10:56  SCV x2  
  78  10:57  Marine  
  78  11:01  Marine x2  
  78  11:03  Medivac  
  82  11:05  SCV  
  82  11:08  Marine  
  82  11:10  SCV x2  
  86  11:17  Medivac  
  86  11:18  SCV  
  89  11:19  Marine x2  
  89  11:22  SCV  
  89  11:23  Marine x2  
  89  11:25  SCV  
  95  11:26  Marine  
  95  11:30  SCV  
  97  11:34  SCV  
  97  11:35  Supply Depot  
  97  11:36  Marine  
  97  11:37  SCV, Marine  
  103  11:42  SCV  
  103  11:46  SCV  
  103  11:47  Marine x3  
  102  11:48  Armory  
  102  11:49  SCV  
  106  11:54  SCV, Marine  
  106  11:58  SCV  
  106  12:00  Siege Tank  
  102  12:02  Marine  
  102  12:04  Marine x2  
  102  12:05  Marine  
  101  12:12  Marine  
  104  12:20  Marine  
  104  12:22  Barracks, Marine x3  
  106  12:30  Marine  
  104  12:38  Marine  
  104  12:39  Medivac  
  104  12:40  Marine x2  
  100  12:45  Marine  
  100  12:46  Siege Tank  
  100  12:47  SCV  
  100  12:48  SCV, Marine  
  100  12:49  Refinery  
  100  12:50  Refinery  
  98  12:52  Barracks  
  98  12:55  SCV  
  98  12:56  Marine  
  98  12:58  Marine x2  
  101  13:00  SCV  
  101  13:03  Marine  
  101  13:04  SCV  
  105  13:05  Medivac, Marine  
  105  13:12  SCV x2  
  109  13:14  Marine  
  109  13:16  Sensor Tower  
  109  13:18  Marine x2  
  113  13:20  Barracks Reactor  
  108  13:32  SCV x2  
  112  13:38  Marine x2  
  112  13:39  Barracks Reactor  
  111  13:48  SCV  
Tags
 
Add a new tag
Caveats
  • Supply blocks, unpowered buildings, or Contaminate may cause inaccurate times.
  • Supply counts are checked every 10 seconds.